General information
- name: BNet
- type: Ladder team game (AT/RT)
- host: Battle.net
- saver: GoldieLocks
map: TwilightRuins_LV
- players: 8
- length: 22:42
- speed: Fast
- version: 1.29 W3XP
- replay type: Public
» download(291 KB)
Players
team 1 (winner)
NoobosHermanos (
red | 117 APM | 2665 actions | 22:41)
4 Archmage
2 Summon Water Elemental
2 Brilliance Aura
3 Mountain King
2 Storm Bolt
1 Bash
3 Paladin
2 Holy Light
1 Divine Shield
» actions
| Assign group hotkey | 224 | |
| Basic commands | 102 | |
| Build / train | 114 | |
| Enter build submenu | 34 | |
| Enter hero's abilities submenu | 10 | |
| Give item / drop item | 1 | |
| Right click | 931 | |
| Select / deselect | 362 | |
| Select group hotkey | 728 | |
| Use ability | 159 | |
2665 total
» units
| Peasant | 17 | |
| Footman | 11 | |
| Sorceress | 3 | |
| Priest | 3 | |
| Spell Breaker | 2 | |
| Mortar Team | 3 | |
| Siege Engine | 2 | |
| Goblin Shredder | 1 | |
42 total
» upgrades
| Defend | 1 | |
| Masonry | 3 | |
| Priest Training | 2 | |
| Sorceress Training | 2 | |
| Lumber Harvesting | 2 | |
| Gunpowder | 2 | |
| Fragmentation Shards | 1 | |
| Barrage | 1 | |
14 total
» buildings
| Farm | 9 | |
| Barracks | 3 | |
| Altar of Kings | 1 | |
| Scout Tower | 9 | |
| Arcane Tower | 3 | |
| Lumber Mill | 1 | |
| Guard Tower | 15 | |
| Arcane Vault | 1 | |
| Keep | 2 | |
| Blacksmith | 1 | |
| Town Hall | 1 | |
| Castle | 2 | |
| Arcane Sanctum | 2 | |
| Workshop | 5 | |
55 total
» build order
00:25 Farm
01:02 Barracks
01:05 Altar of Kings
01:27 Farm
01:47 Farm
01:49 Scout Tower
02:27 Arcane Tower
02:39 Farm
03:22 Lumber Mill
04:32 Scout Tower
05:18 Guard Tower
05:19 Scout Tower
05:23 Arcane Vault
05:57 Guard Tower
05:57 Guard Tower
06:33 Farm
07:09 Keep
07:09 Keep
07:19 Blacksmith
07:26 Scout Tower
07:27 Scout Tower
07:28 Scout Tower
08:28 Arcane Tower
08:29 Guard Tower
08:29 Guard Tower
08:29 Guard Tower
08:30 Scout Tower
08:30 Scout Tower
08:32 Scout Tower
08:58 Guard Tower
08:58 Guard Tower
08:59 Guard Tower
08:59 Guard Tower
09:02 Town Hall
09:27 Guard Tower
10:03 Castle
10:04 Castle
10:15 Arcane Sanctum
10:17 Arcane Sanctum
12:04 Workshop
12:05 Workshop
12:21 Farm
12:22 Farm
12:22 Farm
12:40 Barracks
12:43 Guard Tower
12:43 Guard Tower
13:08 Farm
13:38 Arcane Tower
14:04 Guard Tower
14:04 Guard Tower
14:44 Workshop
15:25 Workshop
15:29 Barracks
16:25 Workshop
» items
| Scroll of Regeneration | 3 | |
| Lesser Clarity Potion | 2 | |
| Ivory Tower | 3 | |
| Scroll of Town Portal | 1 | |
| Potion of Healing | 1 | |
| Circlet of Nobility | 1 | |
| Potion of Lesser Invulnerability | 1 | |
12 total
GoldieLocks (
blue | 66 APM | 1498 actions | 22:42)
8 Goblin Alchemist
2 Chemical Rage
3 Healing Spray
1 Transmute
2 Acid Bomb
» actions
| Assign group hotkey | 62 | |
| Basic commands | 21 | |
| Build / train | 73 | |
| Enter build submenu | 36 | |
| Enter hero's abilities submenu | 9 | |
| Give item / drop item | 10 | |
| Remove unit from queue | 1 | |
| Right click | 736 | |
| Select / deselect | 259 | |
| Select group hotkey | 174 | |
| Use ability | 117 | |
1498 total
» units
| Peasant | 12 | |
| Footman | 4 | |
| Goblin Shredder | 1 | |
| Gryphon Rider | 6 | |
| Goblin Sapper | 2 | |
25 total
» upgrades
| Masonry | 3 | |
| Swords | 3 | |
| Armor | 4 | |
| Animal War Training | 1 | |
| Storm Hammers | 1 | |
| Cloud | 1 | |
13 total
» buildings
| Altar of Kings | 1 | |
| Barracks | 2 | |
| Farm | 12 | |
| Scout Tower | 12 | |
| Arcane Vault | 1 | |
| Arcane Tower | 2 | |
| Keep | 1 | |
| Lumber Mill | 1 | |
| Town Hall | 1 | |
| Guard Tower | 4 | |
| Castle | 1 | |
| Gryphon Aviary | 4 | |
| Blacksmith | 2 | |
44 total
» build order
00:54 Altar of Kings
00:57 Barracks
00:59 Farm
00:59 Farm
01:04 Farm
01:15 Farm
02:05 Scout Tower
02:16 Arcane Vault
02:56 Arcane Tower
03:54 Keep
03:57 Lumber Mill
04:37 Farm
05:05 Town Hall
05:32 Scout Tower
05:33 Scout Tower
05:33 Scout Tower
05:36 Scout Tower
06:31 Guard Tower
06:46 Scout Tower
06:47 Scout Tower
07:22 Castle
07:34 Scout Tower
07:35 Scout Tower
07:36 Scout Tower
07:38 Scout Tower
07:39 Scout Tower
07:44 Guard Tower
08:55 Guard Tower
08:57 Guard Tower
09:12 Barracks
09:13 Gryphon Aviary
09:14 Gryphon Aviary
09:18 Gryphon Aviary
09:20 Gryphon Aviary
09:24 Blacksmith
10:11 Blacksmith
10:19 Farm
11:09 Farm
11:09 Farm
11:11 Farm
14:35 Arcane Tower
18:14 Farm
18:14 Farm
18:14 Farm
» items
| Scroll of Regeneration | 1 | |
| Mechanical Critter | 2 | |
| Potion of Healing | 2 | |
| Scroll of Town Portal | 5 | |
| Scroll of Protection | 3 | |
| Periapt of Vitality | 1 | |
| Scroll of Healing | 1 | |
| Boots of Speed | 1 | |
| Staff of Sanctuary | 1 | |
| Potion of Mana | 1 | |
18 total
LittleFukcer (
yellow | 141 APM | 3193 actions | 22:41)
7 Archmage
2 Summon Water Elemental
2 Brilliance Aura
2 Blizzard
1 Mass Teleport
4 Blood Mage
2 Flame Strike
2 Siphon Mana
» actions
| Assign group hotkey | 90 | |
| Basic commands | 66 | |
| Build / train | 102 | |
| ESC pressed | 1 | |
| Enter build submenu | 25 | |
| Enter hero's abilities submenu | 12 | |
| Give item / drop item | 5 | |
| Right click | 1342 | |
| Select / deselect | 580 | |
| Select group hotkey | 865 | |
| Use ability | 105 | |
3193 total
» units
| Peasant | 17 | |
| Footman | 8 | |
| Makrura Snapper | 1 | |
| Mur'gul Snarecaster | 2 | |
| Giant Sea Turtle | 1 | |
| Priest | 6 | |
| Mortar Team | 6 | |
| Knight | 3 | |
| Goblin Shredder | 2 | |
| Siege Engine | 3 | |
49 total
» upgrades
| Fragmentation Shards | 1 | |
| Animal War Training | 1 | |
| Lumber Harvesting | 1 | |
| Gunpowder | 3 | |
| Priest Training | 2 | |
| Flare | 1 | |
| Barrage | 1 | |
| Armor | 1 | |
| Swords | 1 | |
12 total
» buildings
| Altar of Kings | 1 | |
| Barracks | 1 | |
| Farm | 12 | |
| Town Hall | 1 | |
| Arcane Vault | 1 | |
| Scout Tower | 2 | |
| Arcane Tower | 3 | |
| Keep | 2 | |
| Lumber Mill | 1 | |
| Castle | 2 | |
| Blacksmith | 2 | |
| Arcane Sanctum | 1 | |
| Workshop | 2 | |
31 total
» build order
00:10 Altar of Kings
00:20 Barracks
00:36 Farm
00:50 Farm
01:45 Farm
02:48 Farm
04:47 Town Hall
05:21 Arcane Vault
05:32 Scout Tower
06:02 Arcane Tower
06:02 Arcane Tower
06:14 Keep
06:14 Keep
06:16 Lumber Mill
06:35 Scout Tower
08:41 Castle
08:41 Castle
08:44 Blacksmith
09:28 Arcane Sanctum
09:47 Arcane Tower
09:49 Farm
09:49 Farm
10:07 Workshop
10:08 Workshop
10:30 Farm
11:23 Farm
12:33 Farm
17:39 Farm
17:41 Farm
17:43 Blacksmith
21:05 Farm
» items
| Boots of Speed | 1 | |
| Scroll of Healing | 3 | |
| Tome of Retraining | 1 | |
| Scroll of Town Portal | 3 | |
| Scroll of Regeneration | 2 | |
| Potion of Lesser Invulnerability | 1 | |
11 total
Cubensis2 (
pink | 47 APM | 1069 actions | 22:41)
5 Firelord
3 Summon Lava Spawn
2 Soul Burn
4 Lich
2 Frost Nova
2 Frost Armor
» actions
| Assign group hotkey | 32 | |
| Build / train | 80 | |
| Enter build submenu | 17 | |
| Enter hero's abilities submenu | 10 | |
| Give item / drop item | 3 | |
| Remove unit from queue | 8 | |
| Right click | 370 | |
| Select / deselect | 202 | |
| Select group hotkey | 268 | |
| Use ability | 79 | |
1069 total
» units
| Acolyte | 9 | |
| Ghoul | 8 | |
| Crypt Fiend | 14 | |
| Necromancer | 4 | |
| Banshee | -1 | |
34 total
» upgrades
| Creature Carapace | 3 | |
| Creature Attack | 3 | |
| Burrow | 1 | |
| Web | 1 | |
| Skeletal Mastery | 1 | |
| Necromancer Training | 1 | |
| Banshee Training | 1 | |
| Skeletal Longevity | 1 | |
12 total
» buildings
| Crypt | 1 | |
| Altar of Darkness | 1 | |
| Ziggurat | 9 | |
| Graveyard | 1 | |
| Halls of the Dead | 1 | |
| Spirit Tower | 3 | |
| Tomb of Relics | 1 | |
| Black Citadel | 1 | |
| Temple of the Damned | 1 | |
19 total
» build order
00:15 Crypt
00:21 Altar of Darkness
00:49 Ziggurat
00:58 Graveyard
01:29 Ziggurat
04:16 Ziggurat
05:33 Halls of the Dead
05:51 Spirit Tower
06:05 Spirit Tower
06:07 Spirit Tower
06:59 Tomb of Relics
07:41 Ziggurat
09:55 Ziggurat
14:28 Black Citadel
15:07 Ziggurat
15:15 Ziggurat
17:51 Temple of the Damned
21:44 Ziggurat
21:59 Ziggurat
» items
| Scroll of Town Portal | 3 | |
| Potion of Mana | 1 | |
| Potion of Healing | 1 | |
| Staff of Sanctuary | 1 | |
| Ring of Protection +2 | 1 | |
| Mantle of Intelligence +3 | 1 | |
| Periapt of Vitality | 1 | |
| Pendant of Energy | 1 | |
10 total
team 2 (loser)
Nordlysvegen (
green | 69 APM | 1560 actions | 22:41)
4 Archmage
2 Blizzard
2 Brilliance Aura
3 Mountain King
2 Storm Bolt
1 Thunder Clap
3 Paladin
2 Holy Light
1 Divine Shield
» actions
| Assign group hotkey | 26 | |
| Basic commands | 6 | |
| Build / train | 80 | |
| Enter build submenu | 16 | |
| Enter hero's abilities submenu | 10 | |
| Give item / drop item | 3 | |
| Remove unit from queue | 1 | |
| Right click | 511 | |
| Select / deselect | 369 | |
| Select group hotkey | 455 | |
| Use ability | 82 | |
1560 total
» units
| Peasant | 12 | |
| Footman | 10 | |
| Priest | 2 | |
| Sorceress | 3 | |
| Knight | 9 | |
36 total
» upgrades
| Lumber Harvesting | 2 | |
| Priest Training | 2 | |
| Sorceress Training | 2 | |
| Plating | 3 | |
| Animal War Training | 1 | |
| Swords | 3 | |
| Magic Sentry | 1 | |
| Masonry | 2 | |
16 total
» buildings
| Altar of Kings | 1 | |
| Farm | 7 | |
| Barracks | 1 | |
| Keep | 1 | |
| Town Hall | 1 | |
| Scout Tower | 17 | |
| Lumber Mill | 2 | |
| Guard Tower | 7 | |
| Castle | 1 | |
| Blacksmith | 1 | |
| Arcane Sanctum | 1 | |
| Arcane Vault | 1 | |
41 total
» build order
00:21 Altar of Kings
00:27 Farm
00:28 Farm
00:44 Barracks
03:03 Keep
05:31 Farm
06:55 Town Hall
07:05 Scout Tower
07:06 Scout Tower
07:07 Scout Tower
07:09 Scout Tower
07:09 Scout Tower
07:13 Lumber Mill
07:38 Lumber Mill
08:00 Guard Tower
08:01 Guard Tower
08:11 Castle
09:12 Blacksmith
09:18 Arcane Sanctum
09:35 Guard Tower
10:43 Guard Tower
10:43 Guard Tower
10:47 Farm
10:47 Farm
10:49 Farm
10:49 Farm
13:49 Arcane Vault
21:50 Scout Tower
21:51 Scout Tower
21:52 Scout Tower
21:52 Scout Tower
21:53 Scout Tower
21:54 Scout Tower
21:55 Scout Tower
21:55 Scout Tower
21:57 Scout Tower
21:57 Scout Tower
22:13 Scout Tower
22:24 Guard Tower
22:24 Guard Tower
22:36 Scout Tower
» items
| Scroll of Town Portal | 2 | |
| Ivory Tower | 1 | |
3 total

»
M4squ3dM0rt (
teal | 76 APM | 1546 actions | 20:22)
4 Crypt Lord
2 Carrion Beetles
2 Spiked Carapace
3 Death Knight
1 Death Coil
2 Unholy Aura
» actions
| Basic commands | 108 | |
| Build / train | 49 | |
| Enter build submenu | 13 | |
| Enter hero's abilities submenu | 7 | |
| Remove unit from queue | 2 | |
| Right click | 772 | |
| Select / deselect | 538 | |
| Use ability | 57 | |
1546 total
» units
| Acolyte | 3 | |
| Ghoul | 3 | |
| Crypt Fiend | 13 | |
| Obsidian Statue | 4 | |
| Meatwagon | 2 | |
25 total
» upgrades
| Creature Attack | 2 | |
| Creature Carapace | 1 | |
| Web | 1 | |
| Destroyer Form | 1 | |
5 total
» buildings
| Crypt | 2 | |
| Graveyard | 1 | |
| Altar of Darkness | 1 | |
| Ziggurat | 6 | |
| Tomb of Relics | 1 | |
| Halls of the Dead | 1 | |
| Slaughterhouse | 1 | |
| Black Citadel | 1 | |
14 total
» build order
00:08 Crypt
00:12 Graveyard
00:33 Altar of Darkness
00:47 Ziggurat
01:16 Ziggurat
01:30 Tomb of Relics
03:49 Halls of the Dead
04:17 Ziggurat
06:21 Slaughterhouse
06:34 Ziggurat
09:20 Ziggurat
09:58 Black Citadel
10:43 Crypt
19:36 Ziggurat
» items
| Rod of Necromancy | 2 | |
| Scroll of Town Portal | 4 | |
6 total

»
gokaibas (
orange | 116 APM | 2332 actions | 20:08)
4 Tauren Chieftain
2 War Stomp
2 Endurance Aura
2 Shadow Hunter
1 Hex
1 Healing Wave
» actions
| Assign group hotkey | 25 | |
| Basic commands | 35 | |
| Build / train | 78 | |
| Enter build submenu | 18 | |
| Enter hero's abilities submenu | 6 | |
| Give item / drop item | 4 | |
| Remove unit from queue | 2 | |
| Right click | 1407 | |
| Select / deselect | 347 | |
| Select group hotkey | 304 | |
| Use ability | 106 | |
2332 total
» units
| Peon | 12 | |
| Grunt | 10 | |
| Shaman | 5 | |
| Kodo Beast | 1 | |
| Tauren | 2 | |
| Raider | 1 | |
| Troll Witch Doctor | 3 | |
| Troll Headhunter/Berserker | 2 | |
36 total
» upgrades
| Armor | 2 | |
| Shaman Training | 2 | |
| War Drums Damage Increase | 1 | |
| Ensnare | 1 | |
| Berserker Upgrade | 1 | |
| Witch Doctor Training | 2 | |
| Reinforced Defenses | 1 | |
10 total
» buildings
| Altar of Storms | 1 | |
| Orc Burrow | 6 | |
| Barracks | 2 | |
| Voodoo Lounge | 1 | |
| Great Hall | 2 | |
| Stronghold | 1 | |
| War Mill | 1 | |
| Fortress | 1 | |
| Spirit Lodge | 2 | |
| Beastiary | 1 | |
| Tauren Totem | 1 | |
19 total
» build order
00:13 Altar of Storms
00:18 Orc Burrow
00:34 Barracks
01:30 Orc Burrow
02:06 Voodoo Lounge
03:43 Great Hall
04:26 Stronghold
05:21 Orc Burrow
06:16 War Mill
07:10 Fortress
07:14 Spirit Lodge
08:49 Spirit Lodge
08:52 Beastiary
10:14 Tauren Totem
10:22 Orc Burrow
10:26 Orc Burrow
12:05 Orc Burrow
15:13 Barracks
17:36 Great Hall
» items
| Healing Salve | 4 | |
| Scroll of Speed | 3 | |
| Lesser Clarity Potion | 4 | |
| Scroll of Town Portal | 2 | |
| Potion of Mana | 1 | |
| Potion of Healing | 2 | |
| Scroll of Healing | 1 | |
17 total

»
battlekingbane (
purple | 39 APM | 873 actions | 22:08)
4 Dark Ranger
2 Black Arrow
2 Silence
2 Far Seer
1 Feral Spirit
1 Chain Lighting
1 Shadow Hunter
1 Hex
» actions
| Build / train | 58 | |
| Enter build submenu | 26 | |
| Enter hero's abilities submenu | 7 | |
| Give item / drop item | 7 | |
| Remove unit from queue | 7 | |
| Right click | 465 | |
| Select / deselect | 255 | |
| Use ability | 47 | |
873 total
» units
| Peon | 7 | |
| Grunt | 5 | |
| Mur'gul Snarecaster | 1 | |
| Goblin Shredder | 1 | |
| Shaman | 4 | |
| Troll Witch Doctor | 4 | |
| Troll Headhunter/Berserker | 7 | |
29 total
» upgrades
| Berserker Strength | 1 | |
| Shaman Training | 2 | |
| Witch Doctor Training | 2 | |
| Berserker Upgrade | 1 | |
| Melee Weapons | 0 | |
| Ranged Weapons | 2 | |
8 total
» buildings
| Barracks | 2 | |
| Orc Burrow | 7 | |
| Stronghold | 1 | |
| Altar of Storms | 1 | |
| War Mill | 1 | |
| Fortress | 1 | |
| Spirit Lodge | 2 | |
| Great Hall | 2 | |
| Watch Tower | 6 | |
| Voodoo Lounge | 1 | |
| Beastiary | 1 | |
25 total
» build order
00:17 Barracks
00:26 Orc Burrow
01:22 Orc Burrow
02:15 Stronghold
02:33 Altar of Storms
03:52 War Mill
05:13 Fortress
05:19 Spirit Lodge
05:22 Spirit Lodge
06:38 Orc Burrow
08:19 Great Hall
09:59 Orc Burrow
11:16 Orc Burrow
12:18 Orc Burrow
13:47 Watch Tower
13:51 Watch Tower
13:58 Watch Tower
14:12 Watch Tower
15:22 Watch Tower
15:26 Watch Tower
15:34 Barracks
16:02 Voodoo Lounge
17:13 Beastiary
18:48 Great Hall
21:36 Orc Burrow
» items
Chat log
(00:26 / Allies) GoldieLocks: Hanniballektor and Grubby I militia tk
(00:53 / Allies) GoldieLocks: grubby tried to kill off your stuff with militia
(01:00 / Allies) LittleFukcer: hey man
(01:05 / Allies) LittleFukcer: do you play or tk?
(01:08 / Allies) GoldieLocks: I play
(01:23 / Allies) NoobosHermanos: grubby was horrible mk rifle noob
(01:27 / Allies) GoldieLocks: yeah
(01:37 / Allies) GoldieLocks: he could havej ust left I thought he was playing saw what he did and just alt qq myself
(01:42 / Allies) GoldieLocks: fucking punk
(01:54 / Allies) GoldieLocks: yellow scapegoated me twice first tiem I won when he left
(02:25 / Allies) NoobosHermanos: lektor usually wants to play invis motars
(02:42 / Allies) GoldieLocks: I gave him 1k gold because he was too stupid to get an expo
(02:49 / Allies) GoldieLocks: then he talks shit to me, never even said "ty"
(02:56 / Allies) NoobosHermanos: xd
(03:09 / Allies) NoobosHermanos: last time i feed him thats for sure
(03:40 / Allies) NoobosHermanos: creeps stronger here
(03:50 / Allies) GoldieLocks: yeah they added new creeps to gold mines
(04:00 / Allies) LittleFukcer: lol
(05:44 / Allies) NoobosHermanos: this guy rushing me like hell
(05:51 / Allies) NoobosHermanos: probably feeded UD
(06:01 / Allies) Cubensis2: me too
(07:40 / Allies) NoobosHermanos: i guesss i have to play1v2
(08:04 / Allies) NoobosHermanos: damn
(08:40 / Allies) LittleFukcer: comung
(08:49 / Allies) LittleFukcer: orc lost everything
(08:50 / Allies) NoobosHermanos: retard
(08:59 / Allies) LittleFukcer: i am far lol
(09:14 / Allies) LittleFukcer: fuck off stupid fuck
(09:58 / Allies) NoobosHermanos: ty
(10:34 / Allies) NoobosHermanos: this is too hard
(10:41 / Allies) LittleFukcer: ud help him
(10:41 / Allies) GoldieLocks: just keep it up for a couple mins
(10:43 / Allies) GoldieLocks: and I can help
(10:55 / Allies) NoobosHermanos: cant
(11:01 / Allies) LittleFukcer: coming
(12:25 / Allies) NoobosHermanos: ty
(12:30 / Allies) NoobosHermanos: no need more gold ty
(13:00 / Allies) NoobosHermanos: onc
(15:03 / Allies) NoobosHermanos: i need more breakers
(15:03 / Allies) GoldieLocks: he;'s good
(16:06 / Allies) LittleFukcer: i kill orc main ant tp
(16:21 / Allies) NoobosHermanos: b
(16:23 / Allies) NoobosHermanos: b
(17:34 / Allies) LittleFukcer: - main for orc
(18:13 / Allies) LittleFukcer: need tp
(20:20 / Allies) GoldieLocks: they still haven't fixed hero bug
(20:21 / Allies) GoldieLocks: where it
(20:23 / Allies) GoldieLocks: loses control
(20:38 / Allies) NoobosHermanos: what?
(20:52 / Allies) GoldieLocks: wehre the hero doesn't listen to control
(20:55 / Allies) GoldieLocks: until you click off and back on
(21:21 / Allies) NoobosHermanos: when does it occur exactly?
(21:30 / Allies) GoldieLocks: randomyl
(21:49 / Allies) NoobosHermanos: i think i can have that when i press t
(21:53 / Allies) NoobosHermanos: and get stun
(22:01 / Allies) GoldieLocks: usually happens worse possible tiem
(22:10 / Allies) NoobosHermanos: like trying to have a skill and stuned